 Dungeon Crawl Stone Soup version 0.27-a0-1347-gd8886f0a89 (webtiles) character file.

Game seed: 14337076595776944929

418320 atabob the Apostle (level 23, -1/220 HPs)
             Began as a Hill Orc Monk on June 27, 2021.
             Was a High Priest of Beogh.
             Splashed with acid (28 damage)
             ... on level 1 of the Pits of Slime on June 28, 2021.
             The game lasted 04:46:31 (59937 turns).

atabob the Apostle (Hill Orc Monk)                 Turns: 59937, Time: 04:46:31

Health: -1/220     AC: 34    Str: 38    XL:     23   Next: 31%
Magic:  0/37       EV: 24    Int: 24    God:    Beogh [*****.]
Gold:   3942       SH: 18    Dex: 20    Spells: 15/38 levels left

rFire    + . .     SeeInvis +   I - +10 trident of Havoc {flame, rF+ Str+4 Stlth+}
rCold    . . .     Faith    .   R - +2 kite shield {AC+3}
rNeg     + + +     Spirit   +   x - +3 pearl dragon scales
rPois    .         Reflect  .   l - +2 hat
rElec    .         Harm     .   z - +2 cloak of Qaerchamo {Int+3}
rCorr    .         Rampage  +   w - +0 pair of gloves of Inviolability {Rampage Drain rN+++ Str+8}
Will     ++...                  V - +1 pair of boots {Fly}
Stlth    +++.......             T - amulet "Poquank" {Spirit Will+ Str+5 Dex+3}
HPRegen  0.46/turn              H - ring "Geuce" {EV+4 Int+6 Dex+2 Stlth+}
MPRegen  0.25/turn              E - ring "Nioreth" {Fly Int+2 Slay+3}

@: about to teleport, flying, studying Bows
A: walk on water, horns 1, see invisible, clever 1, robust 1, MP-powered wands
}: 3/15 runes: serpentine, barnacled, silver
a: Renounce Religion, Smiting, Recall Orcish Followers, Give Item to Named
Follower


You were on level 1 of the Pits of Slime.
You worshipped Beogh.
Beogh was extremely pleased with you.
You visited 10 branches of the dungeon, and saw 42 of its levels.
You also visited: Trove, Ossuary and Volcano.

You collected 9952 gold pieces.
You spent 6010 gold pieces at shops.

Inventory:

Hand Weapons
 v - the +10 great mace "Giantslayer" {drain, Drain rCorr Str+4 Int+4}
   (You took it off an ettin on level 13 of the Dungeon)

   A truly terrible weapon, it drains the life of those it strikes.
   Str:       It affects your strength (+4).
   Int:       It affects your intelligence (+4).
   rCorr:     It protects you from acid and corrosion.
   Drain:     It drains your maximum health when unequipped.
 F - the +5 shortbow of the Hero {vorpal, rF+++ rC+ Will+ Stlth-}
   (You found it on level 3 of the Elven Halls)

   Any arrow fired from it inflicts extra damage.
   rF:        It renders you almost immune to fire.
   rC:        It protects you from cold.
   Will:      It increases your willpower.
   Stlth:     It makes you less stealthy.
 I - the +10 trident of Havoc (weapon) {flame, rF+ Str+4 Stlth+}
   (You found it in a treasure trove)

   It has been specially enchanted to burn those struck by it, causing extra
   injury to most foes and up to half again as much damage against particularly
   susceptible opponents.
   Str:       It affects your strength (+4).
   rF:        It protects you from fire.
   Stlth:     It makes you more stealthy.
 J - the +10 flail "Dietas" {antimagic, rPois Will- Int+3}
   (You took it off a centaur warrior on level 15 of the Dungeon)

   It reduces the magical energy of the wielder, and disrupts the spells and
   magical abilities of those hit.
   Natural abilities and divine invocations are not affected.
   Int:       It affects your intelligence (+3).
   rPois:     It protects you from poison.
   Will:      It decreases your willpower.
Missiles
 N - 20 curare-tipped darts
 Y - 7 throwing nets
Armour
 l - a +2 hat (worn)
 w - the +0 pair of gloves of Inviolability (worn) {Rampage Drain rN+++ Str+8}
   (You found it on level 3 of the Elven Halls)

   Str:       It affects your strength (+8).
   rN:        It renders you almost immune to negative energy.
   Drain:     It drains your maximum health when unequipped.
   Rampage:   It bestows one free step when moving towards enemies.
 x - +3 pearl dragon scales (worn)
 z - the +2 cloak of Qaerchamo (worn) {Int+3}
   (You found it in a treasure trove)

   Int:       It affects your intelligence (+3).
 R - a +2 kite shield of protection (worn)
 V - a +1 pair of boots of flying (worn)
Jewellery
 b - the ring "Gyoxosox" {rPois rC- Will+ Str+9 SInv}
   (You found it in a treasure trove)

   [ring of willpower]

   Str:       It affects your strength (+9).
   rC:        It makes you vulnerable to cold.
   rPois:     It protects you from poison.
   SInv:      It lets you see invisible.
   Will:      It increases your willpower.
 h - the ring "Wutikogg" {rPois AC+4}
   (You found it on level 5 of the Vaults)

   [ring of protection]

   AC:        It affects your AC (+4).
   rPois:     It protects you from poison.
 k - the ring of Mapad {rCorr Int+2 Dex+6 SInv Stlth+}
   (You took it off an ironbound convoker on level 5 of the Vaults)

   [ring of dexterity]

   Int:       It affects your intelligence (+2).
   Dex:       It affects your dexterity (+6).
   SInv:      It lets you see invisible.
   rCorr:     It protects you from acid and corrosion.
   Stlth:     It makes you more stealthy.
 E - the ring "Nioreth" (right hand) {Fly Int+2 Slay+3}
   (You bought it in a shop on level 2 of the Orcish Mines)

   [ring of flight]

   Int:       It affects your intelligence (+2).
   Slay:      It affects your accuracy & damage with ranged weapons and melee
   (+3).
   Fly:       It grants you flight.
 H - the ring "Geuce" (left hand) {EV+4 Int+6 Dex+2 Stlth+}
   (You found it on level 4 of the Shoals)

   [ring of evasion]

   EV:        It affects your evasion (+4).
   Int:       It affects your intelligence (+6).
   Dex:       It affects your dexterity (+2).
   Stlth:     It makes you more stealthy.
 T - the amulet "Poquank" (around neck) {Spirit Will+ Str+5 Dex+3}
   (You acquired it on level 7 of the Dungeon)

   [amulet of guardian spirit]

   It causes incoming damage to be divided between your reserves of health and
   magic.Str: It affects your strength (+5).
   Dex:       It affects your dexterity (+3).
   Will:      It increases your willpower.
Wands
 a - a wand of polymorph (33)
 u - a wand of digging (10)
 D - a wand of acid (37)
 G - a wand of iceblast (89) (quivered)
 K - a wand of mindburst (11)
 M - a wand of flame (123)
 P - a wand of charming (12)
 Q - a wand of paralysis (22)
Scrolls
 c - 7 scrolls of magic mapping
 f - a scroll of amnesia
 j - 2 scrolls of holy word
 p - 7 scrolls of enchant weapon
 y - 5 scrolls of fear
 L - 11 scrolls of teleportation
 O - 2 scrolls of silence
 X - 23 scrolls of identify
Potions
 d - 2 potions of curing
 g - a potion of berserk rage
 i - a potion of invisibility
 m - 3 potions of heal wounds
 o - 10 potions of lignification
 q - 3 potions of magic
 r - 8 potions of ambrosia
 s - 3 potions of mutation
 t - 2 potions of might
 A - 3 potions of resistance
 C - 5 potions of brilliance
 U - 2 potions of haste
Miscellaneous
 e - a box of beasts
 n - a lightning rod (4/4)
 Z - a phantom mirror


   Skills:
 - Level 15.4 Fighting
 - Level 6.1 Short Blades
 - Level 10.4(14.3) Axes
 - Level 13.7(14.6) Polearms
 - Level 17.2 Armour
 - Level 13.1 Dodging
 - Level 1.5 Stealth
 - Level 15.1 Shields
 + Level 8.3 Spellcasting
 + Level 15.7 Summonings
 - Level 8.0 Air Magic
 - Level 20.7 Invocations
 - Level 14.5 Evocations


You had 15 spell levels left.
You knew the following spells:

 Your Spells              Type           Power      Damage    Failure   Level
a - Summon Guardian Gole  Hex/Summ       47%        N/A       1%          3
b - Call Imp              Summ           72%        N/A       1%          2
c - Summon Lightning Spi  Summ/Air       61%        N/A       1%          4
d - Monstrous Menagerie   Summ           36%        N/A       13%         7
e - Summon Hydra          Summ           36%        N/A       13%         7

Your spell library contained the following spells:

 Spells                   Type           Power      Damage    Failure   Level
 Summon Small Mammal      Summ           100%       N/A       0%          1
 Call Canine Familiar     Summ           72%        N/A       1%          3
 Corpse Rot               Necr/Air       N/A        N/A       2%          2
 Poisonous Vapours        Pois/Air       58%        N/A       2%          2
 Shadow Creatures         Summ           N/A        N/A       2%          6
 Animate Armour           Summ/Erth      94%        N/A       3%          4
 Summon Ice Beast         Ice/Summ       47%        N/A       3%          4
 Animate Skeleton         Necr           20%        N/A       10%         1
 Apportation              Tloc           20%        N/A       10%         1
 Beastly Appendage        Tmut           20%        N/A       10%         1
 Corona                   Hex            11%        N/A       10%         1
 Magic Dart               Conj           40%        1d5       10%         1
 Sandblast                Erth           20%        2d7       10%         1
 Sting                    Tmut/Pois      40%        1d5       10%         1
 Mephitic Cloud           Conj/Pois/Air  22%        N/A       10%         3
 Summon Forest            Summ/Tloc      23%        N/A       11%         5
 Summon Mana Viper        Hex/Summ       47%        N/A       11%         5
 Blink                    Tloc           N/A        N/A       14%         2
 Ensorcelled Hibernation  Hex/Ice        20%        N/A       14%         2
 Passwall                 Tmut/Erth      8%         N/A       14%         2
 Searing Ray              Conj           20%        3d3       14%         2
 Sublimation of Blood     Necr           5%         N/A       14%         2
 Wereblood                Tmut           10%        N/A       14%         2
 Confusing Touch          Hex            10%        N/A       28%         3
 Dazzling Flash           Conj/Hex       20%        N/A       28%         3
 Gell's Gravitas          Tloc           5%         N/A       28%         3
 Ignite Poison            Fire/Tmut/Pois 10%        N/A       28%         3
 Lesser Beckoning         Tloc           5%         N/A       28%         3
 Stone Arrow              Conj/Erth      20%        3d8       28%         3
 Teleport Other           Tloc           10%        N/A       28%         3
 Tukima's Dance           Hex            10%        N/A       28%         3
 Silence                  Hex/Air        14%        N/A       45%         5
 Cause Fear               Hex            5%         N/A       67%         4
 Dispel Undead            Necr           10%        3d9       67%         4
 Olgreb's Toxic Radiance  Pois           10%        N/A       67%         4
 Petrify                  Tmut/Erth      10%        N/A       67%         4
 Sticky Flame             Conj/Fire      10%        2d3       67%         4
 Summon Horrible Things   Summ           36%        N/A       69%         8
 Agony                    Necr           10%        N/A       95%         5
 Blade Hands              Tmut           5%         N/A       95%         5
 Borgnjor's Vile Clutch   Necr/Erth      5%         N/A       95%         5
 Excruciating Wounds      Necr           5%         N/A       95%         5
 Irradiate                Conj/Tmut      5%         3d15      95%         5
 Lee's Rapid Deconstruct  Erth           5%         3d7*      95%         5
 Manifold Assault         Tloc           10%        N/A       95%         5
 Yara's Violent Unravell  Hex/Tmut       5%         3d4       95%         5
 Haunt                    Necr/Summ      23%        N/A       97%         7
 Malign Gateway           Summ/Tloc      23%        N/A       97%         7
 Spellforged Servitor     Conj/Summ      23%        N/A       97%         7
 Dispersal                Tloc           5%         N/A       100%        6
 Eringya's Noxious Bog    Tmut/Pois      5%         N/A       100%        6
 Simulacrum               Ice/Necr       5%         N/A       100%        6
 Discord                  Hex            5%         N/A       100%        8


Dungeon Overview and Level Annotations

Branches:
Dungeon (15/15)            Temple (1/1) D:5            Lair (6/6) D:11
 Shoals (4/4) Lair:3        Snake (4/4) Lair:4        Slime (1/5) Lair:6
    Orc (2/2) D:12            Elf (3/3) Orc:2        Vaults (5/5) D:13
  Crypt (0/3) Vaults:3     Depths (1/5) D:15        Ossuary (visited)
Volcano (visited)

Altars:
Ashenzari
Cheibriados
Fedhas
Gozag
Hepliaklqana
Kikubaaqudgha
Makhleb
Nemelex Xobeh
Qazlal
Ru
Sif Muna
Trog
Uskayaw
Vehumet
Wu Jian
Xom
Yredelemnul
Zin
The Shining One
Beogh
Jiyva

Shops:
D:7 ?   D:9 (   D:11 [   Orc:2 [((*:*   Elf:1 [   Shoals:1 [   Shoals:4 (
Snake:1 ?(   Vaults:1 ?   Vaults:2 *   Vaults:3 [   Vaults:4 :   Vaults:5 =

Portals:
Ziggurat: Depths:1

Annotations:
D:11 1 runed translucent door


Innate Abilities, Weirdness & Mutations

You can walk on water.
You have a pair of small horns on your head.
You have supernaturally acute eyesight. (SInv)
Your mind is acute. (Int +2)
You are robust. (+10% HP)
You expend magic power (3 MP) to strengthen your wands.


Message History

Unknown command.
Press: ? - help, v - describe, . - travel The floor.
The walls burn Koronagh!
You swap places.
The walls burn Koronagh!
The walls burn Koronagh!
The wall burns Koronagh!
The wall burns Koronagh!
The wall burns Koronagh!
The wall burns Koronagh!
Koronagh no longer looks unusually strong.
You are splashed with acid.
You're standing next to a slime covered wall!
The wall burns Koronagh!
There is a stone staircase leading down here.
The wall burns Koronagh!
The wall burns Koronagh!
You are splashed with acid!
The wall burns Koronagh!
You are splashed with acid!
The wall burns Orbeogh!
You are splashed with acid!
You are splashed with acid.
You are splashed with acid!
The wall burns Koronagh!
You are splashed with acid.
The wall burns Orbeogh!
The walls burn Koronagh!
You are splashed with acid!
The wall burns Orbeogh!
The walls burn Koronagh!
You are splashed with acid!!!
The wall burns Orbeogh!
The wall burns Koronagh!
You are splashed with acid!!
The walls burn Orbeogh!
The walls burn Koronagh!
You are splashed with acid!!
The walls burn Orbeogh!
The walls burn Koronagh!
You are splashed with acid!!
* * * LOW HITPOINT WARNING * * *
The walls burn Orbeogh!
The walls burn Koronagh!
You swap places.
You are splashed with acid!!
* * * LOW HITPOINT WARNING * * *
The walls burn Orbeogh!
The walls burn Koronagh!
As you read the scroll of teleportation, it crumbles to dust.
You feel strangely unstable.
You are splashed with acid!!!
* * * LOW HITPOINT WARNING * * *
The walls burn Orbeogh!
The walls burn Koronagh!
You feel much better.
You are splashed with acid!!
You die...

##.........#.###
##...#..##... #
##.#...###.## #
#...#.####.####
##..##.##....##.
#...#.......# #.
####..##.##..####.
##.##.....#....#.#.
#o@o..........#....
##.##..#.....#.....
####.........#....
##.##..........
#.###....#.... ...
##........ ##.##
#........ ##.
#.........
......#.##...


You could see the friendly Koronagh the orc warlord and the friendly Orbeogh the
orc warlord.

Vanquished Creatures
  A dread lich (Vaults:5)
  An ancient lich (Vaults:5)
  Boris (Vaults:5)
  2 tentacled monstrosities
  A titan (Vaults:5)
  A deep elf blademaster (Elf:3)
  Polyphemus (Shoals:4)
  3 sphinxes (Elf:3)
  2 tengu reavers (Vaults:5)
  3 shadow dragons (Vaults:5)
  A fenstrider witch (shapeshifter) (Vaults:5)
  3 nagarajas (Snake:4)
  2 fire giants
  2 frost giants
  2 deep elf sorcerers
  12 vault wardens
  A ghost moth (shapeshifter) (Vaults:5)
  An orc warlord (Vaults:2)
  A deep elf elementalist (Elf:3)
  8 ironbound preservers
  5 very ugly things
  A quicksilver ooze (Lair:6)
  4 stone giants
  The ghost of dickylongcocking the Fighter, a journeyman DjFE of Makhleb (D:13)
  7 deep elf demonologists
  Azrael (Orc:2)
  An entropy weaver (Vaults:2)
  4 deep elf annihilators (Elf:3)
  A dire elephant (Lair:6)
  2 deep elf death magi
  2 merfolk javelineers (Shoals:4)
  5 merfolk impalers
  2 deep elf high priests
  A fire dragon (Depths:1)
  2 vault guards (Vaults:5)
  3 yaktaur captains
  2 salamander tyrants
  8 hydras
  Erolcha (D:12)
  2 boulder beetles
  3 ironbound thunderhulks
  2 naga warriors (Snake:4)
  An ice dragon (Depths:1)
  3 merfolk aquamancers (Shoals:4)
  5 ogre magi
  4 anacondas
  An ironbound frostheart (Vaults:3)
  2 merfolk avatars
  A death knight (D:14)
  A catoblepas (D:13)
  10 centaur warriors
  8 two-headed ogres
  12 dancing weapons
  6 death yaks
  2 deep troll earth magi (D:15)
  A tengu warrior (D:13)
  An orc high priest (Elf:1)
  3 naga sharpshooters
  8 shock serpents
  An ironbound beastmaster (Vaults:3)
  3 deep elf knights
  6 skeletal warriors
  14 sea snakes
  4 naga ritualists
  14 deep trolls
  2 deep elf archers
  A lindwurm (Vaults:3)
  An anaconda skeleton (Volcano)
  15 harpies
  11 wizards
  2 orc knights
  16 deep elf pyromancers
  13 ironbound convokers
  A wolf spider (D:15)
  13 deep elf zephyrmancers
  3 necromancers
  15 ugly things
  4 mana vipers
  3 phantasmal warriors
  3 oklob plants (Lair:6)
  4 salamanders (Snake:2)
  3 fauns
  A moth of wrath (shapeshifter) (Elf:2)
  16 manticores
  12 cyclopes
  4 merfolk sirens
  2 elephants (Lair:6)
  A stone giant skeleton (Vaults:1)
  13 black mambas
  A fire giant skeleton (Vaults:4)
  2 guardian serpents
  7 vault sentinels
  7 naga magi
  An ice statue (D:11)
  4 gargoyles
  Maggie (D:9)
  6 water nymphs
  12 cane toads
  2 human zombies
  A rime drake (Lair:6)
  2 efreet (D:15)
  An unseen horror (D:11)
  19 yaktaurs
  A kobold demonologist (D:11)
  12 komodo dragons
  A tengu conjurer (D:13)
  A jumping spider (shapeshifter) (Vaults:5)
  A troll (D:13)
  19 merfolk
  3 wind drakes
  3 meliai (D:14)
  2 polar bears
  A wolf spider simulacrum (D:15)
  A slime creature (shapeshifter) (Vaults:5)
  8 snapping turtles
  Prince Ribbit (Lair:3)
  10 blink frogs
  2 hornets (D:10)
  A dream sheep (shapeshifter) (D:15)
  A harpy skeleton (Volcano)
  18 dream sheep
  Grinder (D:4)
  32 slime creatures
  A large abomination (Elf:1)
  An air elemental (Elf:3)
  3 flying skulls (Volcano)
  6 redbacks
  An alligator skeleton (Volcano)
  27 yaks
  A redback (shapeshifter) (D:15)
  3 wraiths
  A vampire (D:13)
  2 water elementals
  A tarantella (Vaults:4)
  5 wyverns
  A fire elemental (Elf:3)
  2 neqoxecs (D:11)
  Eustachio (D:5)
  5 vampire mosquitoes
  A steam dragon (D:8)
  6 basilisks
  23 nagas
  12 water moccasins
  3 hell hounds
  An ice beast (D:6)
  3 black bears
  A hornet zombie (D:7)
  6 orc warriors
  5 ogres
  2 sky beasts
  A necrophage (D:5)
  6 wolves
  11 centaurs
  2 elf zombies
  5 kobold brigands
  An earth elemental (Elf:1)
  A human skeleton (Vaults:4)
  9 bullfrogs
  A scorpion (D:7)
  3 killer bees
  A spriggan skeleton (Volcano)
  A howler monkey (D:10)
  A troll skeleton (Volcano)
  4 wights
  7 electric eels
  2 bullfrog zombies
  6 centaur zombies
  A quasit (D:11)
  3 hounds
  A gnoll shaman (D:5)
  4 orc priests
  4 iguanas
  Jessica (D:3)
  7 orc wizards
  A killer bee zombie (D:7)
  2 mummies (Ossuary)
  A gnoll (D:2)
  10 adders
  A white imp (D:4)
  An ufetubus (D:5)
  2 adder zombies (Ossuary)
  A worm (D:3)
  2 dart slugs
  19 orcs
  5 bats
  8 endoplasms
  2 giant cockroaches (D:1)
  5 goblins
  7 hobgoblins
  2 jackals (D:1)
  3 quokkas
  7 ball pythons
  6 frilled lizards
  13 hobgoblin zombies (Ossuary)
  A jackal zombie (Ossuary)
  17 kobolds
  6 kobold zombies (Ossuary)
  5 orc zombies (Ossuary)
  2 rats (D:3)
  5 rat zombies (Ossuary)
905 creatures vanquished.

Vanquished Creatures (collateral kills)
  Saint Roka (Orc:2)
  2 caustic shrikes (shapeshifter) (Vaults:5)
  7 titans (Vaults:5)
  2 deep elf master archers (Elf:3)
  2 deep elf blademasters
  A quicksilver dragon (Vaults:5)
  5 sphinxes
  A shadow dragon (Vaults:5)
  A storm dragon (Vaults:5)
  3 tengu reavers
  4 nagarajas (Snake:4)
  3 fire giants
  5 deep elf sorcerers
  Ilsuiw (Shoals:4)
  2 orc warlords
  Aizul (Snake:4)
  2 frost giants (Vaults:5)
  An iron dragon (Vaults:5)
  4 deep elf elementalists (Elf:3)
  11 vault wardens
  13 ironbound preservers
  2 very ugly things (Vaults:1)
  A war gargoyle (Vaults:5)
  A stone giant (Depths:1)
  A deep elf demonologist (Elf:3)
  2 deep elf annihilators
  The ghost of Weeptyisk the Cleaver, a journeyman DDFi of Makhleb (Orc:1)
  4 entropy weavers
  4 dire elephants
  2 ettins
  3 merfolk javelineers
  6 deep elf death magi
  A jiangshi (Vaults:3)
  3 deep elf high priests
  3 fire dragons (Elf:3)
  8 merfolk impalers
  The ghost of Vanigamp the Cruncher, a journeyman MiGl of Xom (D:11)
  12 yaktaur captains
  5 ironbound thunderhulks
  13 naga warriors
  A great orb of eyes (Vaults:1)
  6 hydras
  24 vault guards
  18 centaur warriors
  2 catoblepae
  2 ironbound frosthearts
  3 anacondas
  2 merfolk aquamancers (Shoals:4)
  A merfolk avatar (Lair:6)
  An ogre mage (Vaults:5)
  3 two-headed ogres
  2 satyrs
  5 death yaks
  16 dancing weapons
  3 ironbound beastmasters
  2 tengu warriors (D:15)
  3 naga sharpshooters (Snake:4)
  2 shock serpents
  7 deep elf knights
  A skeletal warrior (D:14)
  42 deep trolls
  8 sea snakes
  2 naga ritualists
  8 ironbound convokers
  3 phantasmal warriors
  4 deep elf archers
  A wizard (Vaults:2)
  2 lindwurms
  A harpy (shapeshifter) (Vaults:5)
  6 deep elf zephyrmancers
  10 deep elf pyromancers
  A stone giant zombie (Vaults:1)
  A necromancer (Vaults:1)
  4 mana vipers
  12 harpies
  15 ugly things
  7 cyclopes
  3 orc sorcerers (Orc:2)
  2 fauns (Shoals:4)
  A human zombie (Vaults:1)
  7 orc knights
  A wolf spider (D:15)
  12 guardian serpents
  An oklob plant (Lair:6)
  15 manticores
  8 salamanders
  6 elephants (Lair:6)
  4 merfolk sirens
  A spectral orc (Orc:1)
  A human skeleton (Vaults:4)
  A water nymph (Shoals:3)
  26 black mambas
  A centaur zombie (D:11)
  11 vault sentinels
  A torpor snail (Lair:6)
  4 naga magi
  7 cane toads
  A kobold demonologist (D:11)
  2 freezing wraiths
  An unseen horror (D:13)
  4 rime drakes
  A rime drake (shapeshifter) (D:15)
  An efreet (D:15)
  29 yaktaurs
  6 komodo dragons
  A meliai (D:15)
  7 merfolk
  3 polar bears
  7 trolls
  A shadow dragon simulacrum (Vaults:1)
  A hornet (Lair:6)
  7 dream sheep
  12 blink frogs
  29 slime creatures
  5 snapping turtles
  2 air elementals
  A tarantella (Vaults:4)
  2 wyverns (Lair:6)
  2 fire elementals
  8 redbacks
  3 water elementals
  29 yaks
  A basilisk (shapeshifter) (D:15)
  7 vampire mosquitoes
  18 nagas
  4 wargs (Orc:2)
  An acid dragon (D:12)
  9 water moccasins
  3 large abominations (Elf:1)
  5 hell hounds
  10 orc warriors
  5 ogres
  4 wolves
  7 centaurs
  4 elf zombies (Elf:1)
  A kobold brigand (D:11)
  2 bullfrogs
  2 earth elementals (Elf:3)
  A killer bee (D:11)
  4 electric eels
  2 quasits (D:11)
  7 orc priests
  5 orc wizards
  A troll simulacrum (Orc:1)
  6 orc simulacra (Orc:1)
  11 orcs
  2 kobolds (D:11)
  A bush (Lair:3)
777 creatures vanquished.

Vanquished Creatures (others)
  5 orc warlords
  A fire giant (D:15)
  A frost giant (Shoals:4)
  A deep elf elementalist (Elf:3)
  An ironbound preserver (Vaults:5)
  12 orc knights
  A yaktaur captain (Vaults:5)
  2 vault guards (Vaults:5)
  2 orc sorcerers
  A merfolk aquamancer (Shoals:4)
  An orc high priest (Elf:1)
  A deep elf knight (Elf:1)
  A deep elf pyromancer (Elf:3)
  Maurice (Orc:2)
  8 orc wizards
  3 merfolk (Shoals:4)
  A centaur simulacrum (D:15)
  2 yaks (Lair:5)
  15 orc warriors
  11 orc priests
  40 orcs
  2 bushes (Lair:6)
  97 fungi
  245 plants
455 creatures vanquished.

Grand Total: 2137 creatures vanquished

Notes
Turn   | Place    | Note
-------+----------+-------------------------------------------
     0 | D:1      | atabob the Hill Orc Monk began the quest for the Orb.
     0 | D:1      | Reached XP level 1. HP: 19/19 MP: 1/1
   260 | D:1      | Reached XP level 2. HP: 25/27 MP: 2/2
  1144 | D:2      | Reached XP level 3. HP: 21/33 MP: 3/3
  1898 | D:2      | Reached XP level 4. HP: 27/41 MP: 4/4
  2353 | D:3      | Reached skill level 5 in Fighting
  2646 | D:3      | Found a faded altar of an unknown god.
  2749 | D:3      | Noticed Jessica
  3110 | D:3      | Killed Jessica
  3111 | D:3      | Reached XP level 5. HP: 36/48 MP: 5/5
  3193 | D:3      | Found a shimmering blue altar of Sif Muna.
  3352 | D:4      | Noticed Grinder
  3616 | D:4      | Noticed a black bear
  3624 | D:4      | Killed a black bear
  3625 | D:4      | Reached skill level 1 in Short Blades
  3625 | D:4      | Reached XP level 6. HP: 53/57 MP: 6/6
  3804 | D:4      | Killed Grinder
  3805 | D:4      | Reached XP level 7. HP: 49/64 MP: 7/7
  4011 | D:4      | Found a sacrificial altar of Ru.
  4146 | D:4      | Found a sparkling altar of Nemelex Xobeh.
  4255 | D:5      | Entered Level 5 of the Dungeon
  4270 | D:5      | Reached skill level 1 in Armour
  4300 | D:5      | Found a broken altar of Ashenzari.
  4447 | D:5      | Found a staircase to the Ecumenical Temple.
  4472 | Temple   | Entered the Ecumenical Temple
  4721 | D:5      | Found a sand-covered staircase.
  4731 | Ossuary  | Entered an ossuary
  4938 | Ossuary  | Reached XP level 8. HP: 32/73 MP: 8/8
  5356 | D:5      | Identified the +3 chain mail of Xarafriaho {Slay+3}
  5526 | D:5      | Noticed Eustachio
  5565 | D:5      | Reached skill level 5 in Armour
  5575 | D:5      | Killed Eustachio
  5964 | D:6      | Found a bloodstained altar of Trog.
  5974 | D:6      | Reached skill level 5 in Short Blades
  6348 | D:6      | Became a worshipper of Beogh the Brigand
  6348 | D:6      | Reached * piety under Beogh
  6348 | D:6      | Reached ** piety under Beogh
  6563 | D:6      | Reached XP level 9. HP: 70/79 MP: 9/9
  8021 | D:7      | Found a stormy altar of Qazlal.
  8055 | D:7      | Found Waghiq's Magic Scroll Shop.
  8066 | D:7      | Bought a scroll of enchant armour for 90 gold pieces
  8649 | D:7      | Found a hide-covered altar of Uskayaw.
  8649 | D:7      | Found a glowing golden altar of the Shining One.
  8649 | D:7      | You fall into a shaft and drop 2 floors!
  8690 | D:9      | Found Bunuqes's Weapon Boutique.
  8706 | D:9      | Noticed a two-headed ogre
  8974 | D:8      | Found a shimmering altar of Xom.
  9450 | D:8      | Reached XP level 10. HP: 89/91 MP: 10/10
  9864 | D:9      | Killed a two-headed ogre
  9865 | D:9      | Reached skill level 10 in Fighting
 10062 | D:9      | Identified the +2 robe of Depression {Rampage Dex+3}
 10098 | D:9      | Noticed Maggie
 10110 | D:9      | Killed Maggie
 10111 | D:9      | Reached skill level 10 in Armour
 10168 | D:9      | Found a glowing silver altar of Zin.
 10538 | D:10     | Entered Level 10 of the Dungeon
 10555 | D:10     | Reached skill level 5 in Axes
 10662 | D:10     | Identified a scroll of acquirement
 10662 | D:10     | Acquired a manual of Dodging
 10674 | D:10     | Found a hazy altar of Hepliaklqana.
 10683 | D:10     | Reached skill level 5 in Dodging
 10735 | D:10     | Found a radiant altar of Vehumet.
 10951 | D:10     | Noticed a two-headed ogre
 10959 | D:10     | Killed a two-headed ogre
 11105 | D:10     | Reached *** piety under Beogh
 11149 | D:10     | Reached XP level 11. HP: 92/101 MP: 11/11
 11289 | D:10     | Found an opulent altar of Gozag.
 11453 | D:10     | Noticed a two-headed ogre
 11457 | D:10     | Killed a two-headed ogre
 11529 | D:10     | Paralysed by a hornet for 2 turns
 11683 | D:10     | Noticed a deep elf zephyrmancer
 11689 | D:10     | Killed a deep elf zephyrmancer
 11690 | D:10     | Reached skill level 10 in Dodging
 11881 | D:11     | Found a runed translucent door.
 11907 | D:11     | Found a runed translucent door.
 11917 | D:11     | Found a runed translucent door.
 11927 | D:11     | Found a runed translucent door.
 11965 | D:11     | Found a transporter.
 12001 | D:11     | Found a transporter.
 12007 | D:11     | Noticed Vanigamp's ghost (journeyman MiGl)
 12008 | D:11     | Noticed a two-headed ogre
 12021 | D:11     | Killed a two-headed ogre
 12053 | D:11     | Found Teirgh's Armour Shop.
 12352 | D:11     | Found a staircase to the Lair.
 12370 | D:11     | Noticed a two-headed ogre
 12377 | D:11     | Killed a two-headed ogre
 12423 | D:11     | Found a portal to a secret trove of treasure.
 12447 | D:11     | Gained mutation: You have large cloven feet. [potion of
                  | mutation]
 12447 | D:11     | Gained mutation: You have a pair of small antennae on your
                  | head. [potion of mutation]
 12447 | D:11     | Gained mutation: You possess an exceptional clarity of
                  | mind. [potion of mutation]
 12447 | D:11     | Gained mutation: You have hoof-like feet. [potion of
                  | mutation]
 12491 | D:11     | Reached **** piety under Beogh
 12497 | D:11     | Killed Vanigamp's ghost
 12669 | Lair:1   | Entered Level 1 of the Lair of Beasts
 12722 | Lair:1   | Reached skill level 10 in Axes
 12722 | Lair:1   | Reached skill level 1 in Invocations
 12724 | Lair:1   | Gained Bolgrim as an ally
 12735 | Lair:1   | Reached skill level 2 in Invocations
 12791 | Lair:1   | Gained Orbeogh as an ally
 12800 | Lair:1   | Reached skill level 3 in Invocations
 12800 | Lair:1   | Reached XP level 12. HP: 75/108 MP: 14/14
 12817 | Lair:1   | Reached skill level 1 in Shields
 12818 | Lair:1   | Reached skill level 4 in Invocations
 12833 | Lair:1   | Acquired 1090 gold pieces
 13021 | D:7      | Bought 2 scrolls of acquirement for 1248 gold pieces
 13023 | D:7      | Acquired the amulet "Poquank" {Spirit Will+ Str+5 Dex+3}
 13037 | D:7      | Acquired a manual of Summonings
 13261 | Lair:1   | Reached skill level 1 in Summonings
 13813 | Lair:2   | Found a snail-covered altar of Cheibriados.
 13816 | Lair:2   | Reached skill level 5 in Summonings
 14126 | Lair:2   | Reached ***** piety under Beogh
 14137 | Lair:2   | Acquired a manual of Armour
 14141 | Lair:2   | Acquired 686 gold pieces
 15433 | Lair:3   | Found a staircase to the Shoals.
 15448 | Lair:3   | Noticed Prince Ribbit
 15459 | Lair:3   | Killed Prince Ribbit
 15712 | Lair:3   | Reached skill level 10 in Summonings
 16265 | Lair:4   | Reached XP level 13. HP: 88/114 MP: 11/16
 16470 | Lair:4   | Found a staircase to the Snake Pit.
 16608 | Lair:4   | Identified the ring of Kigaot {rF+ rCorr}
 16771 | Lair:4   | Identified the +1 robe "Uheudghi" {rCorr Str+6}
 16798 | Lair:4   | Learned a level 3 spell: Summon Guardian Golem
 16965 | Lair:4   | You fall into a shaft and drop 2 floors!
 16965 | Lair:6   | Entered Level 6 of the Lair of Beasts
 17024 | Lair:6   | Found a viscous altar of Jiyva.
 17024 | Lair:6   | Found a staircase to the Slime Pits.
 17123 | Lair:5   | Gained Arkwar as an ally
 17159 | Lair:5   | Learned a level 2 spell: Call Imp
 17409 | Lair:5   | Reached skill level 15 in Armour
 18383 | Lair:6   | Reached ****** piety under Beogh
 18424 | Lair:6   | Reached XP level 14. HP: 67/122 MP: 8/17
 18436 | Lair:6   | Reached skill level 1 in Spellcasting
 18995 | Lair:6   | Identified the +6 chain mail "Quof Zee" {Harm}
 19121 | Lair:6   | Noticed a dire elephant
 19129 | Lair:6   | Killed a dire elephant
 19130 | Lair:6   | Reached skill level 1 in Air Magic
 19257 | Lair:6   | Your ally Bolgrim died
 19891 | Lair:6   | Noticed a dire elephant
 19913 | Lair:6   | Killed a dire elephant
 20584 | Slime:1  | Entered Level 1 of the Pits of Slime
 20587 | Slime:1  | Noticed a quicksilver ooze
 20929 | Lair:6   | Killed a quicksilver ooze
 21153 | Slime:1  | Reached skill level 5 in Air Magic
 21332 | Slime:1  | Learned a level 4 spell: Summon Lightning Spire
 21699 | D:11     | You paid a toll of 17 potions of curing to enter a treasure
                  | trove
 21700 | Trove    | Entered a treasure trove
 21708 | Trove    | Found the +5 robe of Misfortune {Contam Harm *Corrode Drain
                  | *Slow EV+5}
 21710 | Trove    | Identified the +10 trident of Havoc {flame, rF+ Str+4
                  | Stlth+}
 21711 | Trove    | Identified the ring of Entrepreneurial Spirit {Fire rElec
                  | rCorr}
 21712 | Trove    | Identified the +2 cloak of Qaerchamo {Int+3}
 21736 | Trove    | Identified the +2 scale mail of Inviolability {Harm}
 21784 | Trove    | Identified the ring of Inugokk {Fly rC- rN+ rCorr}
 21785 | Trove    | Identified the ring "Gyoxosox" {rPois rC- Will+ Str+9 SInv}
 22048 | D:11     | HP: 3/122 [ice statue] (38)]
 22369 | D:11     | Reached skill level 1 in Polearms
 22720 | D:12     | Noticed Erolcha
 22724 | D:12     | Killed Erolcha
 22834 | D:12     | Found a roughly hewn altar of Beogh.
 22834 | D:12     | Found a staircase to the Orcish Mines.
 23068 | D:12     | Found a blossoming altar of Fedhas.
 23764 | D:12     | Acquired 825 gold pieces
 23843 | Orc:1    | Entered Level 1 of the Orcish Mines
 23885 | Orc:1    | Found a dark tunnel.
 23901 | Volcano  | Entered a volcano
 23913 | Volcano  | Reached skill level 5 in Polearms
 24314 | Orc:1    | Found a runed translucent gate.
 24314 | Orc:1    | Found a runed translucent gate.
 24314 | Orc:1    | Found a runed translucent gate.
 24315 | Orc:1    | Noticed Weeptyisk's ghost (journeyman DDFi)
 24331 | Orc:1    | Killed Weeptyisk's ghost
 24441 | Orc:2    | Entered Level 2 of the Orcish Mines
 24512 | Orc:2    | Reached XP level 15. HP: 117/128 MP: 19/21
 24512 | Orc:2    | Noticed Azrael
 24516 | Orc:2    | Killed Azrael
 24531 | Orc:2    | Noticed Saint Roka
 24538 | Orc:2    | Gained Ogrik as an ally
 24541 | Orc:2    | Killed Saint Roka
 24547 | Orc:2    | Found a roughly hewn altar of Beogh.
 24552 | Orc:2    | Found Oqomakk's General Store.
 24563 | Orc:2    | Found Xerripsy's Antique Armour Emporium.
 24568 | Orc:2    | Found Unaaxeir's Antique Weapon Emporium.
 24955 | Orc:2    | Found a staircase to the Elven Halls.
 24955 | Orc:2    | Found Nerphebai's Weapon Boutique.
 24961 | Orc:2    | Noticed Maurice
 24966 | Orc:2    | Killed Maurice
 25062 | Orc:2    | Found Uddogg's Book Emporium.
 25250 | Orc:2    | Noticed an orc warlord
 25262 | Orc:2    | Killed an orc warlord
 25281 | Orc:2    | Found Vetaewk's Assorted Antiques.
 25700 | Orc:2    | Bought an ancient scale mail for 297 gold pieces
 25700 | Orc:2    | Identified the +2 scale mail of Gozag's Regard {Str+7} (You
                  | bought it in a shop on level 2 of the Orcish Mines)
 25748 | Orc:2    | Bought a scroll of fear for 42 gold pieces
 25748 | Orc:2    | Bought a scroll of enchant armour for 90 gold pieces
 25748 | Orc:2    | Bought the ring "Nioreth" {Fly Int+2 Slay+3} for 495 gold
                  | pieces
 25873 | Elf:1    | Entered Level 1 of the Elven Halls
 25893 | Elf:1    | Found a radiant altar of Vehumet.
 25909 | Elf:1    | Your ally Ogrik died
 26530 | Elf:1    | Identified the Compendium of Sinister Magic
 26640 | Elf:1    | Reached skill level 10 in Polearms
 27102 | Elf:1    | Found Naduklog's Armour Boutique.
 27503 | Elf:2    | Noticed a Hell Sentinel
 27508 | Elf:2    | Noticed a Hell Sentinel
 27769 | Elf:2    | Found a runed translucent gate.
 27769 | Elf:2    | Found a runed translucent gate.
 27769 | Elf:2    | Found a runed translucent gate.
 27868 | Elf:2    | Noticed a deep elf blademaster
 27871 | Elf:2    | Gained Koronagh as an ally
 27880 | Elf:2    | Killed a deep elf blademaster
 27902 | Elf:2    | Your ally Arkwar died
 28471 | Elf:2    | Reached XP level 16. HP: 129/136 MP: 22/22
 29023 | Elf:3    | Entered Level 3 of the Elven Halls
 29033 | Elf:3    | Noticed a sphinx
 29033 | Elf:3    | Noticed a sphinx
 29033 | Elf:3    | Noticed a sphinx
 29033 | Elf:3    | Noticed a sphinx
 29040 | Elf:3    | Killed a sphinx
 29708 | D:13     | Noticed dickylongcocking's ghost (journeyman DjFE)
 29708 | D:13     | Identified the +7 great mace of the Wizarding Gnat {venom,
                  | rElec Int+3 Stlth-}
 29708 | D:13     | Identified the +10 great mace "Giantslayer" {drain, Drain
                  | rCorr Str+4 Int+4}
 29714 | D:13     | Found a transporter.
 30300 | D:13     | Found a gate to the Vaults.
 30536 | D:13     | Found a transporter.
 30552 | D:13     | Killed dickylongcocking's ghost
 31532 | D:14     | Identified the +9 hunting sling of Armageddon {venom, rF+
                  | Dex+7 Stlth-}
 32301 | D:15     | Entered Level 15 of the Dungeon
 32503 | D:15     | Found a burning altar of Makhleb.
 32503 | D:15     | Found a sparkling altar of Nemelex Xobeh.
 32504 | D:15     | Found an ancient bone altar of Kikubaaqudgha.
 32936 | D:15     | Reached XP level 17. HP: 115/141 MP: 18/23
 33111 | D:15     | Reached skill level 15 in Summonings
 33489 | D:15     | Found a staircase to the Depths.
 33649 | D:15     | Identified Minivent's Reference Book on Excruciating
                  | Translocation
 33672 | D:15     | Identified the +10 flail "Dietas" {antimagic, rPois Will-
                  | Int+3}
 33698 | D:15     | Identified the +2 war axe "Icluysk" {vorpal, rElec}
 34538 | Depths:1 | Entered Level 1 of the Depths
 34558 | Depths:1 | Reached skill level 5 in Shields
 34612 | Depths:1 | Found a gateway to a ziggurat.
 34959 | Snake:1  | Entered Level 1 of the Snake Pit
 35151 | Snake:1  | Found Nesiprapt's Magic Scroll Emporium.
 35168 | Snake:1  | Bought a scroll of enchant weapon for 112 gold pieces
 35215 | Snake:1  | Found Loapleb's Antique Weapon Emporium.
 36954 | Snake:2  | You are sucked into a shaft and drop 1 floor!
 37503 | Snake:3  | Reached XP level 18. HP: 122/158 MP: 18/24
 38203 | Snake:4  | Entered Level 4 of the Snake Pit
 38281 | Snake:4  | Noticed Aizul
 38326 | Snake:4  | Killed Aizul
 38345 | Snake:4  | Your ally Koronagh died
 38899 | Snake:4  | Reached skill level 10 in Shields
 38967 | Snake:4  | Reached skill level 15 in Fighting
 39002 | Snake:4  | Got a serpentine rune of Zot
 41283 | Shoals:1 | Entered Level 1 of the Shoals
 41295 | Shoals:1 | Found Onycvypp's Armour Boutique.
 41309 | Shoals:1 | Reached skill level 5 in Spellcasting
 43196 | Shoals:2 | Reached XP level 19. HP: 145/170 MP: 23/27
 44617 | Shoals:4 | Entered Level 4 of the Shoals
 44617 | Shoals:4 | Noticed Polyphemus
 44640 | Shoals:4 | Killed Polyphemus
 45222 | Shoals:4 | Got a barnacled rune of Zot
 45438 | Shoals:4 | Lost mutation: You possess an exceptional clarity of mind.
                  | [potion of mutation]
 45438 | Shoals:4 | Lost mutation: You have hoof-like feet. [potion of
                  | mutation]
 45438 | Shoals:4 | Gained mutation: You are robust. (+10% HP) [potion of
                  | mutation]
 45438 | Shoals:4 | Gained mutation: Your mind is acute. (Int +2) [potion of
                  | mutation]
 45438 | Shoals:4 | Gained mutation: You are partially covered in iridescent
                  | scales. (AC +2) [potion of mutation]
 45440 | Shoals:4 | Lost mutation: You have large cloven feet. [potion of
                  | mutation]
 45440 | Shoals:4 | Lost mutation: You are partially covered in iridescent
                  | scales. (AC +2) [potion of mutation]
 45440 | Shoals:4 | Gained mutation: You possess an exceptional clarity of
                  | mind. [potion of mutation]
 45440 | Shoals:4 | Gained mutation: You have supernaturally acute eyesight.
                  | (SInv) [potion of mutation]
 45442 | Shoals:4 | Lost mutation: You have a pair of small antennae on your
                  | head. [potion of mutation]
 45442 | Shoals:4 | Lost mutation: You possess an exceptional clarity of mind.
                  | [potion of mutation]
 45442 | Shoals:4 | Gained mutation: You expend magic power (3 MP) to
                  | strengthen your wands. [potion of mutation]
 45442 | Shoals:4 | Gained mutation: You have a pair of small horns on your
                  | head. [potion of mutation]
 45496 | Shoals:4 | Reached skill level 5 in Invocations
 45569 | Shoals:4 | Found Qylogg's Weapon Shoppe.
 45786 | Shoals:4 | Reached skill level 6 in Invocations
 46043 | Shoals:4 | Identified the ring "Geuce" {EV+4 Int+6 Dex+2 Stlth+}
 46136 | Shoals:4 | Reached skill level 7 in Invocations
 46692 | Shoals:4 | Killed Ilsuiw
 46997 | Shoals:1 | Bought +2 pearl dragon scales for 1084 gold pieces
 47224 | Vaults:1 | Entered Level 1 of the Vaults
 47267 | Vaults:1 | Reached skill level 8 in Invocations
 47272 | Vaults:1 | Found Sipruts's Magic Scroll Emporium.
 47283 | Vaults:1 | Bought a scroll of summoning for 142 gold pieces
 47283 | Vaults:1 | Bought a scroll of teleportation for 45 gold pieces
 47566 | Vaults:1 | Reached skill level 9 in Invocations
 47630 | Vaults:1 | Reached skill level 1 in Evocations
 47669 | Vaults:1 | Reached XP level 20. HP: 192/196 MP: 29/29
 47837 | Vaults:1 | Reached skill level 10 in Invocations
 48603 | Vaults:2 | Reached skill level 11 in Invocations
 48609 | Vaults:2 | Reached skill level 5 in Evocations
 48624 | Vaults:2 | Identified the +4 scale mail "Yroto" {-Cast rCorr Str+3}
 48719 | Vaults:2 | Found Lyfiu's Assorted Antiques.
 48777 | Vaults:2 | Bought a scroll of enchant armour for 262 gold pieces
 49346 | Vaults:2 | Gained Orbeogh as an ally
 49349 | Vaults:2 | Reached skill level 12 in Invocations
 50024 | Vaults:2 | Reached skill level 13 in Invocations
 50551 | Vaults:3 | Found Fyqu's Antique Armour Boutique.
 50555 | Vaults:3 | Bought a pair of glowing boots for 337 gold pieces
 51122 | Vaults:3 | Reached XP level 21. HP: 191/203 MP: 28/31
 51274 | Vaults:3 | Found a staircase to the Crypt.
 51959 | Vaults:3 | Reached skill level 10 in Evocations
 52586 | Vaults:4 | Identified the +2 scythe of Burning Expedience {venom,
                  | Will+++ rCorr Str-2}
 52781 | Vaults:4 | Acquired a Grand Grimoire
 52803 | Vaults:4 | Reached skill level 15 in Shields
 53099 | Vaults:4 | Found Zaqacov's Book Shop.
 53102 | Vaults:4 | Bought a manual of Invocations for 1766 gold pieces
 53135 | Vaults:4 | Reached skill level 14 in Invocations
 53169 | Vaults:4 | Gained Alork as an ally
 53694 | Vaults:5 | Entered Level 5 of the Vaults
 53702 | Vaults:5 | Reached skill level 15 in Invocations
 53710 | Vaults:5 | Your ally Orbeogh died
 53736 | Vaults:5 | Reached skill level 16 in Invocations
 53801 | Vaults:5 | Noticed an ancient lich
 53805 | Vaults:5 | Killed an ancient lich
 53812 | Vaults:5 | Reached skill level 17 in Invocations
 53859 | Vaults:5 | Reached XP level 22. HP: 121/212 MP: 11/34
 54197 | Vaults:5 | Noticed a caustic shrike
 54204 | Vaults:5 | Killed a caustic shrike
 54336 | Vaults:5 | Noticed a dread lich
 54337 | Vaults:5 | Found Ituyku Gion's Jewellery Shop.
 54344 | Vaults:5 | Killed a dread lich
 54345 | Vaults:5 | Reached skill level 18 in Invocations
 54730 | Vaults:5 | Noticed Boris
 54751 | Vaults:5 | Killed Boris
 54792 | Vaults:5 | Your ally Alork died
 55156 | Vaults:5 | Found the +3 robe of Folly {Archmagi, Will-- Int+5}
 55168 | Vaults:5 | Reached skill level 19 in Invocations
 55192 | Vaults:5 | Identified the +2 scale mail of Card Tricks {Harm *Slow
                  | rPois rC-}
 55219 | Vaults:5 | Got a silver rune of Zot
 55435 | Vaults:5 | Identified the ring "Wutikogg" {rPois AC+4}
 55442 | Vaults:5 | Identified the +1 ring mail of Hirism {Fly rPois}
 55829 | Vaults:5 | Reached skill level 20 in Invocations
 55979 | Vaults:5 | Identified the ring of Mapad {rCorr Int+2 Dex+6 SInv
                  | Stlth+}
 56035 | Vaults:5 | Identified the ring "Pefoos" {*Slow rPois rN+ SInv}
 56037 | Vaults:5 | Identified the +4 shortbow "Gram" {vorpal, rF+++ Str+4
                  | Dex-2 SInv}
 56041 | Vaults:5 | Identified the +6 hunting sling "Xeushax" {freeze, rC+}
 56042 | Vaults:5 | Identified the ring of the Fool {Drain rPois rN+ SInv}
 56080 | Vaults:5 | Identified the Grimoire of Noxious Translocation
 56481 | Vaults:5 | Noticed a caustic shrike
 56481 | Vaults:5 | a shadow dragon changed into a caustic shrike
 56483 | Vaults:5 | Killed a caustic shrike
 57933 | Elf:3    | Found a radiant altar of Vehumet.
 57934 | Elf:3    | Paralysed by an air elemental for 1 turns
 58306 | Elf:3    | Reached XP level 23. HP: 204/220 MP: 33/37
 58750 | Elf:3    | Identified the +3 hand axe of Day {drain, rPois rCorr}
 58751 | Elf:3    | Identified the +2 morningstar of Jerou {venom, Drain rElec
                  | rPois rCorr}
 58764 | Elf:3    | Identified the Disquisition on Transmigration
 58961 | Elf:3    | Identified the +5 shortbow of the Hero {vorpal, rF+++ rC+
                  | Will+ Stlth-}
 58967 | Elf:3    | Identified the +0 pair of gloves of Inviolability {Rampage
                  | Drain rN+++ Str+8}
 58994 | Elf:3    | Learned a level 7 spell: Monstrous Menagerie
 59002 | Elf:3    | Learned a level 7 spell: Summon Hydra
 59936 | Slime:1  | HP: 4/220 [acid (33)]
 59937 | Slime:1  | Splashed with acid

Illustrated notes

Levels and vault maps discovered:
D:1:      dpeg_arrival_three_same_balls, layout_basic, skrybe_limestone_x,
          minmay_misc_feat_four_crosses
D:2:      minmay_wonky_spiral, layout_basic, minmay_pentomino_t2
D:3:      layout_basic, tgw_sif, basic_ecumenical_altar
D:4:      layout_gridville, nemelex_diamond_rough_becter, kennysheep_little_box,
          uniq_grinder
D:5:      layout_rooms, ashenzari_conservatory_becter,
          minmay_temple_entry_gardened_gates, nicolae_ossuary_entry_ruins,
          kennysheep_generic_room_16, uniq_eustachio
D:6:      layout_layer_cave, old_standard_altar
D:7:      layout_rooms, amethyst_overflow_temple_binary,
          nicolae_qazlal_style_of_elements, serial_shops, nicolae_lakefront_shop
D:8:      layout_layer_cave, brannock_xom_greatest_gift
D:9:      layout_rooms, general_overflow_altar, serial_shops,
          nicolae_shop_behind_doors, hangedman_decor_points, uniq_maggie
D:10:     layout_loops_ring, nicolae_hepliaklqana_hazy_memory,
          nicolae_gozag_cash_rules_everything_around_me, vehumet_crystals,
          minivault_14, nicolae_sextant, evilmike_minifort
D:11:     layout_rooms, david_lair_shrubbed, gammafunk_ghost_stat_death,
          nicolae_trove_entry_crossroad, serial_shops,
          nicolae_inconvenience_store, minmay_misc_feat_doors,
          minmay_statue_crystal_thing
D:12:     layout_layer_cave, david_orc_5, fedhas_altar_3, uniq_erolcha
D:13:     layout_roguey, david_vaults_1, gammafunk_ghost_smash,
          minmay_shattered_shrine
D:14:     layout_layer_cave, hangedman_decor_opposing
D:15:     hangedman_slaughterboxes
Temple:   dpeg_three_leaves_temple
Lair:1:   layout_loops_ring, nzn_random_ring
Lair:2:   layout_cave_pods, basic_altar, fungi_pond_lemuel,
          chequers_serial_rivers_micro_a, chequers_serial_rivers_large_b,
          grunt_megastairs_1
Lair:3:   layout_small_grid, minmay_shoals_entry_lonely_mermaid,
          uniq_prince_ribbit2
Lair:4:   layout_gridlike, minmay_snake_entry_guardpost_medium,
          grunt_megastairs_2, infiniplex_staircase_pool_2
Lair:5:   layout_loops_ring, serial_bayou_shore_b
Lair:6:   gammafunk_lair_ancient_temple, layout_regular_city, slime_altar_1,
          serial_forest, infiniplex_forest_lined_2,
          infiniplex_forest_lined_room_2, infiniplex_forest_end_1,
          infiniplex_forest_straight_2, infiniplex_forest_clump_medium,
          minmay_lair_oklob_chamber, grunt_megastairs_5
Shoals:1: layout_shoals, serial_shops,
          nicolae_shop_temple_entry_statues_fountains,
          nicolae_shoals_stone_sculpture_thing
Shoals:2: layout_shoals
Shoals:3: layout_shoals
Shoals:4: shoals_end_grunt_ice, layout_shoals, shoal_ilsuiw, serial_shops,
          nicolae_shop_behind_doors, uniq_polyphemus
Snake:1:  layout_cave_shapes, serial_shops, shop, shop, serial_bayou_shore_b
Snake:2:  layout_chambers
Snake:3:  layout_cave_town
Snake:4:  grunt_snake_rune_pools, layout_rooms, uniq_aizul
Slime:1:  layout_caves, cheibrodos_slime_lost_civilization_4
Orc:1:    layout_caves, gammafunk_ghost_necromancy, enter_volcano_1
Orc:2:    grunt_orc_cross, layout_diamond_mine, serial_shops, shop_statue,
          shop_statue, uniq_maurice, uniq_azrael
Elf:1:    eino_elf_arrival_altar, layout_onion_city, serial_shops,
          nicolae_shop_crystal, minmay_elf_necromancy, lemuel_flamethrower_1
Elf:2:    layout_geoelf_octagon, serial_glass, glass_columns_a, glass_columns_c,
          glass_columns_a, glass_columns_a, glass_columns_a, glass_columns_a
Elf:3:    grunt_elf_hall_diamonds, layout_geoelf_castle, basic_altar,
          special_room [special_room_mythical_zoo]
Vaults:1: ontoclasm_vaults_ring_large, v_misc_1, serial_ice_g, v_alt_pattern_3,
          vaults_mumra_chevron_long, st_smaller_cells, v_misc_8,
          hangedman_vaults_pinch, v_misc_11, dpeg_vaults_monster_box, v_misc_4,
          v_alt_pattern_2, ontoclasm_vaults_pinch, hangedman_vaults_impose,
          nicolae_vaults_little_ls, layout_vaults_maze_bifur, serial_shops,
          nicolae_shop_statue_plus
Vaults:2: v_misc_28, v_misc_27, nicolae_vaults_alarming, v_misc_11,
          vaults_room_stairs_pillars, vaults_room_pool, v_pattern_3, v_misc_8,
          layout_vaults_quadrants, serial_shops,
          nicolae_shop_temple_entry_statues_fountains
Vaults:3: vaults_room_door_ring, grunt_vaults_diagonal,
          minmay_crypt_entry_simple_box, nicolae_vaults_border_crossing,
          nicolae_vaults_little_squares_2, vaults_dpeg_cross,
          ontoclasm_vaults_gateway, st_cells, grunt_vaults_trifunnel,
          vaults_dpeg_ring, nicolae_vaults_network_quinsquares
          [nicolae_vaults_network_quincunx_subvault,
          nicolae_vaults_network_quincunx_subvault,
          nicolae_vaults_network_quincunx_subvault,
          nicolae_vaults_network_quincunx_subvault], v_alt_pattern_2,
          nicolae_vaults_three_branches, hangedman_vaults_trim,
          grunt_vaults_hallway_short, layout_vaults_ring, serial_shops,
          nicolae_shop_window_shopping
Vaults:4: v_alt_pattern_2, v_misc_23, vaults_dpeg_encased_lava,
          vaults_mumra_minichess_inversion, ontoclasm_vaults_eye,
          layout_vaults_big_room, serial_shops, nicolae_shop_behind_doors
Vaults:5: uniq_boris
Depths:1: layout_gridlike, enter_ziggurat_f, rand_demon_pan_entry_5, hell_entry,
          minmay_starry_boxes, uniq_enchantress, uniq_asterion

Skill      XL: |  1  2  3  4  5  6  7  8  9 10 11 12 13 14 15 16 17 18 19 20 21 22 23 |
---------------+----------------------------------------------------------------------+-----
Fighting       | 4 5 6 7 9 10 13 15 | 15.4
Dodging        | 3 4 7 11 12 13 | 13.1
Short Blades   | 1 2 5 6 |  6.1
Armour         | 3 6 9 10 11 17 | 17.2
Axes           | 7 10 | 10.4
Invocations    | 3 4 9 13 17 20 | 20.7
Shields        | 4 8 11 14 15 | 15.1
Summonings     | 10 12 13 14 15 | 15.7
Spellcasting   | 4 5 6 7 8 |  8.3
Air Magic      | 5 7 8 |  8.0
Polearms       | 7 10 13 | 13.7
Evocations     | 1 8 12 14 | 14.5
Stealth        | |  1.5

Action                   |  1- 3 |  4- 6 |  7- 9 | 10-12 | 13-15 | 16-18 | 19-21 | 22-24 || total
-------------------------+-------+-------+-------+-------+-------+-------+-------+-------++-------
Melee: Hand axe          |    42 |       |       |       |       |       |       |       ||    42
       Dagger            |    62 |   108 |   466 |    59 |       |       |       |       ||   695
       Broad axe         |       |       |       |   288 |   313 |       |       |       ||   601
       Trident           |       |       |       |       |   285 |   786 |   894 |   320 ||  2285
       Headbutt          |       |       |       |       |       |       |   297 |   133 ||   430
Throw: Dart              |       |       |     4 |     6 |    16 |    19 |     1 |       ||    46
 Cast: Summon Guardian G |       |       |       |       |     5 |     2 |     5 |     2 ||    14
       Summon Lightning  |       |       |       |       |     3 |     2 |    12 |     5 ||    22
       Call Imp          |       |       |       |       |       |       |     1 |       ||     1
Invok: Convert to Beogh  |       |       |     1 |       |       |       |       |       ||     1
       Recall Orcish Fol |       |       |       |     2 |    13 |    11 |    15 |     6 ||    47
       Give Item to Name |       |       |       |     1 |     4 |       |     2 |       ||     7
       Smiting           |       |       |       |       |     7 |     3 |    25 |     9 ||    44
       Resurrection      |       |       |       |       |       |     2 |     2 |     1 ||     5
Evoke: Wand              |       |       |       |     2 |    18 |    10 |     3 |     5 ||    38
       Phantom mirror    |       |       |       |       |     1 |     3 |     4 |     1 ||     9
       Box of beasts     |       |       |       |       |     1 |     2 |     5 |     1 ||     9
       Lightning rod     |       |       |       |       |       |     4 |     2 |     9 ||    15
  Use: Scroll            |     1 |     6 |     9 |     9 |     9 |     8 |     5 |     3 ||    50
       Potion            |       |       |     1 |    10 |     1 |    11 |     5 |     1 ||    29
 Stab: Sleeping          |     4 |     3 |     2 |       |     1 |       |     4 |     2 ||    16
       Distracted        |       |       |       |     1 |     7 |     3 |    11 |     1 ||    23
       Confused          |       |       |       |       |     1 |       |       |       ||     1
Armor: Robe              |    20 |    13 |       |       |    49 |       |       |       ||    82
       Ring mail         |       |    28 |   105 |       |    16 |       |       |       ||   149
       Chain mail        |       |       |   166 |   165 |   163 |   315 |   123 |       ||   932
       Pearl dragon scal |       |       |       |       |       |       |   214 |    96 ||   310
Dodge: Dodged            |    80 |    68 |   251 |   208 |   460 |   355 |   620 |   156 ||  2198
Block: Buckler           |       |       |       |    37 |   164 |    56 |       |       ||   257
       Kite shield       |       |       |       |       |       |   284 |   840 |   208 ||  1332

Table legend: (Time is in decaauts)
 A = Elapsed time spent in this place.
 B = Non-inter-level travel time spent in this place.
 C = Inter-level travel time spent in this place.
 D = Time resting spent in this place.
 E = Time spent auto-exploring this place.
 F = Levels seen in this place.
 G = Mean time per level.
                   A        B        C        D        E       F      G
               +--------+--------+--------+--------+--------+-----+--------+
         Total |  59174 |  56353 |   2821 |   7728 |  31257 |  45 | 1315.0 |
       Dungeon |  19816 |  18425 |   1391 |   2011 |  12089 |  15 | 1321.1 |
        Temple |    238 |    238 |      0 |      0 |    216 |   1 |  238.0 |
          Lair |   9185 |   8436 |    749 |   1250 |   4705 |   6 | 1530.8 |
        Shoals |   5650 |   5624 |     26 |   1041 |   2915 |   4 | 1412.5 |
     Snake Pit |   6022 |   5843 |    179 |    608 |   4231 |   4 | 1505.5 |
    Slime Pits |    514 |    513 |      1 |    169 |    152 |   1 |  514.0 |
  Orcish Mines |   1985 |   1868 |    117 |    163 |    877 |   2 |  992.5 |
   Elven Halls |   5237 |   5055 |    182 |    693 |   1725 |   3 | 1745.7 |
        Vaults |   9271 |   9097 |    174 |   1704 |   4035 |   5 | 1854.2 |
        Depths |    113 |    113 |      0 |      0 |      5 |   1 |  113.0 |
         Trove |    257 |    257 |      0 |      0 |      0 |   1 |  257.0 |
       Ossuary |    519 |    519 |      0 |      0 |    307 |   1 |  519.0 |
       Volcano |    362 |    362 |      0 |     89 |      0 |   1 |  362.0 |
               +--------+--------+--------+--------+--------+-----+--------+

Top non-repeatable levels by time:
  Lair:6: 3032 daAuts
Vaults:5: 2874 daAuts
    D:15: 2302 daAuts
Vaults:3: 2039 daAuts
Shoals:4: 1882 daAuts
Vaults:2: 1857 daAuts
   Elf:2: 1835 daAuts
   Elf:1: 1820 daAuts
  Lair:2: 1748 daAuts
    D:10: 1735 daAuts
    D:13: 1693 daAuts
 Snake:2: 1649 daAuts
   Orc:2: 1644 daAuts
 Snake:3: 1625 daAuts
   Elf:3: 1580 daAuts
